General information
- name: BNet
- type: Ladder 1vs1/FFA
- host: Battle.net
- saver: bugaloo
map: TidewaterGlades
- players: 2
- length: 73:24
- speed: Fast
- version: 1.26 W3XP
- replay type: Public
» download(168 KB)
Players
team 1 (loser)
briingitt (
orange | 13 APM | 944 actions | 73:21)
3 Archmage
2 Summon Water Elemental
1 Blizzard
» actions
| Assign group hotkey | 25 | |
| Basic commands | 1 | |
| Build / train | 88 | |
| Enter build submenu | 43 | |
| Enter hero's abilities submenu | 4 | |
| Right click | 291 | |
| Select / deselect | 332 | |
| Select group hotkey | 87 | |
| Use ability | 73 | |
944 total
» units
» upgrades
| Lumber Harvesting | 2 | |
| Swords | 2 | |
| Storm Hammers | 1 | |
| Armor | 2 | |
7 total
» buildings
| Lumber Mill | 3 | |
| Keep | 2 | |
| Altar of Kings | 3 | |
| Farm | 17 | |
| Castle | 2 | |
| Blacksmith | 2 | |
| Gryphon Aviary | 5 | |
| Scout Tower | 16 | |
| Guard Tower | 13 | |
| Town Hall | 2 | |
65 total
» build order
00:12 Lumber Mill
01:19 Keep
01:44 Altar of Kings
01:58 Farm
01:59 Farm
02:01 Farm
02:04 Farm
02:06 Farm
03:41 Castle
03:56 Blacksmith
04:21 Gryphon Aviary
05:14 Gryphon Aviary
09:26 Farm
12:00 Scout Tower
12:06 Scout Tower
12:13 Scout Tower
12:56 Guard Tower
12:59 Guard Tower
13:01 Guard Tower
13:14 Scout Tower
13:48 Guard Tower
13:52 Scout Tower
14:26 Scout Tower
14:59 Town Hall
18:06 Scout Tower
18:45 Lumber Mill
19:44 Guard Tower
19:49 Scout Tower
20:26 Guard Tower
20:30 Scout Tower
21:00 Guard Tower
21:05 Scout Tower
22:22 Guard Tower
22:37 Scout Tower
22:44 Scout Tower
23:05 Guard Tower
23:08 Scout Tower
23:39 Guard Tower
23:43 Scout Tower
23:48 Keep
24:33 Guard Tower
24:42 Altar of Kings
24:56 Farm
24:58 Farm
24:59 Farm
25:00 Farm
25:03 Farm
25:28 Guard Tower
25:55 Blacksmith
27:16 Castle
27:22 Gryphon Aviary
27:33 Gryphon Aviary
27:48 Gryphon Aviary
28:17 Scout Tower
28:58 Guard Tower
31:24 Farm
31:31 Farm
32:13 Farm
33:41 Town Hall
34:36 Altar of Kings
37:26 Scout Tower
38:16 Lumber Mill
41:03 Farm
41:06 Farm
41:07 Farm
team 2 (winner)
bugaloo (
purple | 45 APM | 3270 actions | 73:24)
7 Archmage
3 Blizzard
3 Brilliance Aura
1 Mass Teleport
6 Blood Mage
3 Flame Strike
2 Siphon Mana
1 Summon Phoenix
6 Goblin Tinker
3 Pocket Factory
2 Engineering Upgrade
1 Robo-Goblin
» actions
| Assign group hotkey | 87 | |
| Basic commands | 84 | |
| Build / train | 153 | |
| ESC pressed | 2 | |
| Enter build submenu | 39 | |
| Enter hero's abilities submenu | 19 | |
| Give item / drop item | 35 | |
| Right click | 1273 | |
| Select / deselect | 745 | |
| Select group hotkey | 486 | |
| Use ability | 347 | |
3270 total
» units
| Peasant | 16 | |
| Spell Breaker | 3 | |
| Priest | 2 | |
| Sorceress | 2 | |
| Dragonhawk Rider | 5 | |
| Gryphon Rider | 3 | |
| Goblin Shredder | 2 | |
| Goblin Sapper | 14 | |
47 total
» upgrades
| Sorceress Training | 2 | |
| Priest Training | 2 | |
| Magic Sentry | 1 | |
| Storm Hammers | 1 | |
| Cloud | 1 | |
| Animal War Training | 1 | |
| Masonry | 2 | |
| Swords | 1 | |
| Armor | 1 | |
12 total
» buildings
| Altar of Kings | 1 | |
| Farm | 10 | |
| Arcane Vault | 6 | |
| Scout Tower | 13 | |
| Arcane Tower | 3 | |
| Lumber Mill | 1 | |
| Keep | 1 | |
| Guard Tower | 7 | |
| Arcane Sanctum | 2 | |
| Gryphon Aviary | 3 | |
| Town Hall | 6 | |
| Castle | 1 | |
| Barracks | 1 | |
| Blacksmith | 1 | |
| Workshop | 1 | |
| Cannon Tower | 2 | |
59 total
» build order
00:04 Altar of Kings
00:08 Farm
00:09 Farm
00:17 Farm
00:46 Arcane Vault
00:59 Scout Tower
02:02 Arcane Tower
02:14 Lumber Mill
03:06 Keep
03:20 Scout Tower
03:26 Scout Tower
04:03 Arcane Tower
04:13 Farm
04:13 Farm
04:15 Guard Tower
05:29 Arcane Sanctum
05:32 Arcane Sanctum
06:55 Farm
08:13 Farm
08:52 Farm
09:34 Gryphon Aviary
09:35 Gryphon Aviary
09:36 Gryphon Aviary
11:21 Scout Tower
11:22 Scout Tower
11:22 Scout Tower
11:58 Scout Tower
11:58 Scout Tower
11:59 Scout Tower
11:59 Scout Tower
12:02 Town Hall
12:28 Guard Tower
12:30 Guard Tower
12:33 Guard Tower
13:35 Guard Tower
13:37 Scout Tower
13:39 Scout Tower
13:41 Guard Tower
13:45 Scout Tower
14:49 Castle
22:30 Town Hall
24:08 Guard Tower
26:01 Arcane Tower
26:11 Barracks
26:14 Blacksmith
34:37 Town Hall
45:01 Town Hall
47:50 Town Hall
54:07 Farm
54:15 Farm
58:10 Town Hall
60:49 Arcane Vault
60:49 Arcane Vault
60:50 Arcane Vault
60:54 Arcane Vault
60:59 Arcane Vault
69:15 Workshop
72:25 Cannon Tower
72:25 Cannon Tower
» items
| Lesser Clarity Potion | 4 | |
| Scroll of Regeneration | 7 | |
| Mechanical Critter | 12 | |
| Boots of Speed | 3 | |
| Potion of Healing | 2 | |
| Scroll of Town Portal | 4 | |
| Staff of Sanctuary | 2 | |
| Orb of Fire | 1 | |
| Potion of Mana | 1 | |
| Periapt of Vitality | 2 | |
| Potion of Lesser Invulnerability | 1 | |
| Scroll of Healing | 1 | |
| Ivory Tower | 18 | |
58 total
Chat log
(14:59 / All) bugaloo: yawn
(15:13 / All) briingitt: yea keep yawning dumb ass
(15:16 / All) bugaloo: nothing funnier than a shit talk name from a noob
(15:30 / All) bugaloo: why are you even still here? lol
(15:32 / All) bugaloo: angry?
(15:40 / All) briingitt: nothing funnier than a pussy typing behind there fucking computer
(15:41 / All) bugaloo: yeah thought so
(15:51 / All) bugaloo: its funny because you're typing behind your computer
(16:02 / All) bugaloo: oh and it's "their" not "there"
(16:07 / All) bugaloo: how old are you?
(16:13 / All) briingitt: oh now your going to educate me
(16:16 / All) bugaloo: *you're
(16:27 / All) briingitt: go back and read your fucking past posts bitch
(16:28 / All) bugaloo: you know its only a game you shouldnt let yourself get this angry :)
(16:37 / All) briingitt: not phased
(16:42 / All) bugaloo: they always deny
(16:49 / All) briingitt: othe prob do
(16:49 / All) bugaloo: actually "fazed" is the word you meant
(16:53 / All) bugaloo: easily confused
(17:01 / All) briingitt: no i meant what i said
(17:02 / All) bugaloo: i mean you're clearly angry and denying it
(17:08 / All) briingitt: clearly
(17:22 / All) bugaloo: "fazed" means bothered, "phased" refers to different strata in a system
(17:29 / All) briingitt: bet you play this game all the time huh?
(17:29 / All) bugaloo: but hey, you know what you're talking about i guess
(17:32 / All) bugaloo: no
(17:39 / All) bugaloo: but let's assume that because i beat you so easily
(17:43 / All) briingitt: glad you realize
(17:51 / All) bugaloo: lol
(18:15 / All) briingitt: i love shit talkers
(18:18 / All) briingitt: lol
(18:22 / All) bugaloo: says the guy with the shit talking name
(18:26 / All) bugaloo: calling people dumbass
(18:28 / All) bugaloo: when he loses
(18:30 / All) bugaloo: not talking at all
(18:34 / All) bugaloo: LOL
(18:39 / All) briingitt: it brings out the shit talking in shit talkers
(18:46 / All) bugaloo: so you shit talk
(18:52 / All) bugaloo: so that you can point out people shit talking?
(18:54 / All) briingitt: nope
(19:04 / All) briingitt: i get a good laugh
(19:05 / All) bugaloo: you're big on denial
(19:26 / All) briingitt: to see people that have no life and play this game all the time think they are something special
(19:31 / All) bugaloo: like i said
(19:35 / All) bugaloo: you assume that because i won
(19:52 / All) bugaloo: i havent played all that much really
(20:07 / All) bugaloo: but i'm much, much smarter.
(20:10 / All) briingitt: it did take you a while to beat me
(20:17 / All) bugaloo: that's your best?
(20:22 / All) bugaloo: i didnt even have a barracks lol
(20:46 / All) bugaloo: you act like i rushed you and it didnt work
(20:48 / All) briingitt: smarter...you wish
(20:58 / All) bugaloo: ladies and gentlemen i present exhibit a
(21:00 / All) bugaloo: this game
(21:26 / All) briingitt: if you only knew my friend
(21:42 / All) bugaloo: i can see all there is to know
(21:59 / All) briingitt: how can you see?
(22:07 / All) bugaloo: only thing i can't tell is if you're a retarded foreigner or a retarded american who can't speak your own language
(22:10 / All) briingitt: see what?
(22:31 / All) briingitt: i built this country
(22:40 / All) bugaloo: you are entertaining i give ya that
(22:46 / All) bugaloo: so your plan is now to drag out the game
(22:50 / All) bugaloo: to waste my time?
(22:59 / All) briingitt: going to waste your time
(23:02 / All) briingitt: yes sir
(23:03 / All) bugaloo: yep
(23:09 / All) bugaloo: so what youre saying
(23:13 / All) bugaloo: is that my time is more valuable than yours?
(23:29 / All) briingitt: my day off just chillin now
(23:30 / All) bugaloo: take your time to formulate a response
(23:36 / All) briingitt: take all the time you need
(23:48 / All) bugaloo: cleary if i wanted to end it fast
(23:53 / All) bugaloo: i wouldnt have left your aviary would i?
(24:20 / All) bugaloo: still typing a response?
(24:22 / All) bugaloo: :D
(24:29 / All) briingitt: i have no idea what is going on in your tiny brain
(24:45 / All) bugaloo: says the guy who thinks straight teching is smart
(24:48 / All) bugaloo: lol
(26:11 / All) briingitt: find my farm sucka
(26:21 / All) bugaloo: you think you're the first to play hide the farm
(26:23 / All) bugaloo: really?
(26:33 / All) briingitt: two farms
(26:43 / All) bugaloo: you know about the map being revealed right?
(26:49 / All) bugaloo: im not even looking for it
(27:03 / All) bugaloo: seriously how old are you
(27:04 / All) bugaloo: :)
(27:07 / All) briingitt: ha i was right you do have a little brain
(29:37 / All) bugaloo: you should have reexpanded to your main
(29:52 / All) bugaloo: smart player would
(34:26 / All) bugaloo: ez
(34:49 / All) briingitt: why are you having such a hard time?
(34:54 / All) bugaloo: who said i am
(34:59 / All) bugaloo: i just wanted a lvl 6 am
(35:05 / All) briingitt: oh ok
(35:08 / All) bugaloo: shit man im still hoarding gold
(35:13 / All) bugaloo: dont wanna break upkeep
(35:18 / All) bugaloo: you should learn about upkeep by the way
(35:32 / All) bugaloo: i know those tooltips have big words
(35:36 / All) briingitt: ok
(36:54 / All) bugaloo: lol militia
(37:08 / All) briingitt: ha watch out now
(39:00 / All) briingitt: how old are you?
(39:08 / All) bugaloo: you never told me
(39:36 / All) bugaloo: that wouldnt be fair for me to tell you then would it
(39:53 / All) briingitt: 25
(39:59 / All) bugaloo: seriously?
(40:00 / All) bugaloo: wow
(40:01 / All) bugaloo: sad
(40:15 / All) briingitt: how old are you?
(40:21 / All) briingitt: 18?
(41:21 / All) briingitt: i guess it's a secreat
(42:46 / All) bugaloo: sorry phone
(42:56 / All) bugaloo: not sure why im saying sorry really, just meaningless courtesy
(42:59 / All) bugaloo: like "gl hf"
(43:42 / All) bugaloo: yeah focus fire the armored tinker
(44:10 / All) briingitt: you seem to know a bunch for someone that does not play much
(44:14 / All) bugaloo: as in
(44:19 / All) bugaloo: being able to look at a unit stats?
(44:32 / All) bugaloo: takes pure experience for that
(44:46 / All) bugaloo: you seem to not know how to figure anything out for someone in his mid 20s
(45:14 / All) bugaloo: maybe this game just isnt for you
(45:18 / All) briingitt: all i do is figure people out
(45:23 / All) bugaloo: its a strategy game, takes intellect
(45:26 / All) briingitt: like i said today is my day off
(45:54 / All) bugaloo: you should be salaried by this point in your life
(45:56 / All) bugaloo: oh well
(46:00 / All) briingitt: or a dork that has no life and plays computer games all day long
(46:09 / All) bugaloo: like i said lets assume that BECAUSE I BEAT YOU LOLOLOLOMG
(46:13 / All) bugaloo: funnier every te
(46:14 / All) bugaloo: time
(46:46 / All) bugaloo: if youre gonna hide a farm
(46:48 / All) bugaloo: you should hurry up
(47:14 / All) briingitt: well apparently you have no friends and you want to drag this game on as long as possible. Sorry buddy I need to get going
(47:17 / All) bugaloo: too long
(47:18 / All) bugaloo: didnt read
(47:20 / All) bugaloo: lol @ anger
(47:36 / All) briingitt: have fun, you have all day. gg
(47:38 / All) bugaloo: in before last word and ragequit
(48:01 / All) briingitt: oh no you were to fast
(48:10 / All) bugaloo: mr too insecure to leave is now too insecure to stay
(48:14 / All) bugaloo: WHAT TO DO
(48:15 / All) bugaloo: :)
(48:19 / All) briingitt: shit i don't think Im getting the last word
(48:27 / All) bugaloo: but youre a'leavin
(48:40 / All) briingitt: i want to but i feel like i cant
(48:44 / All) briingitt: this sucks
(48:47 / All) briingitt: now what
(48:55 / All) bugaloo: hey you had to go
(48:57 / All) bugaloo: now you don
(48:58 / All) bugaloo: t
(49:13 / All) bugaloo: what trickery is this
(49:23 / All) briingitt: im confused now
(49:26 / All) briingitt: shit
(49:32 / All) bugaloo: i bet that happens a lot
(49:37 / All) briingitt: all the time
(49:55 / All) briingitt: people like you have a way with people
(50:07 / All) bugaloo: people who have a way with people have a way with people
(50:34 / All) briingitt: stupid people have a way to rub their stupidness on people
(50:41 / All) briingitt: its strange
(50:42 / All) bugaloo: stupidness
(50:45 / All) bugaloo: is a word?
(50:52 / All) briingitt: yea i did say stupid
(51:03 / All) bugaloo: its ironic because an intelligent person would say "stupidity"
(51:21 / All) briingitt: yea but im not talking to a intelligent person
(51:30 / All) bugaloo: that explains why you make yourself sound stupid?
(51:41 / All) briingitt: your catching on
(51:50 / All) bugaloo: you need to work on your internet face saving
(51:55 / All) briingitt: apparently you feel smart
(52:05 / All) briingitt: i think it
(52:10 / All) briingitt: is funny
(52:16 / All) bugaloo: :)
(52:29 / All) bugaloo: oh shit you have a tower left
(52:33 / All) bugaloo: yay exp
(52:40 / All) briingitt: finally shit
(52:52 / All) briingitt: i didnt want to just quit
(53:01 / All) bugaloo: damn didnt level
(54:31 / All) briingitt: ok im giving you a choice
(54:35 / All) bugaloo: not really
(54:45 / All) bugaloo: ooh unless it's a hacking threat
(54:45 / All) briingitt: yes really
(54:50 / All) bugaloo: are you going to threaten to blow up my computer?
(54:51 / All) bugaloo: :)
(55:18 / All) bugaloo: soo
(55:26 / All) bugaloo: what is my incredibly scary choice
(55:35 / All) briingitt: you have 30 seconds to destroy by shit or im going to quit
(55:39 / All) bugaloo: i dont really care
(55:41 / All) bugaloo: you can quit any time
(55:49 / All) briingitt: ok you have 30 seconds
(55:52 / All) bugaloo: its just funny how you wouldn't because you were so mad :D
(56:00 / All) briingitt: haha
(56:17 / All) bugaloo: hey
(56:18 / All) briingitt: you still didnt tell me your age
(56:20 / All) bugaloo: how many seconds left?
(56:25 / All) briingitt: 14
(56:31 / All) bugaloo: that was more than 16 seconds
(56:37 / All) bugaloo: what kind of watch are you using
(56:41 / All) briingitt: not on my watch
(56:48 / All) bugaloo: how are you timing it
(56:52 / All) briingitt: my own shit
(56:54 / All) bugaloo: naval observatory uplink?
(57:00 / All) bugaloo: your shit can tell time?
(57:07 / All) bugaloo: i knew someone that did that
(57:10 / All) briingitt: hell yea
(57:20 / All) briingitt: knew?
(57:30 / All) bugaloo: he callibrated a watch to the viscosity of the turds as they slid down the side of the bowl
(57:41 / All) bugaloo: had it +/- 5% to the atomic clock
(57:54 / All) briingitt: really
(57:54 / All) bugaloo: yeah, we don't talk anymore, he got obsessive about his fecal clock
(58:06 / All) briingitt: what a dumb ass
(58:11 / All) bugaloo: no kidding
(58:19 / All) briingitt: i know your not
(58:20 / All) bugaloo: never even published a paper
(58:22 / All) bugaloo: *you're
(58:35 / All) briingitt: im still talking to an idiot sorry
(58:42 / All) briingitt: i keep forgetting
(58:58 / All) bugaloo: it's like watching someone fail to get into harvard and talk about how retarded they are
(59:06 / All) bugaloo: for rejecting them
(59:11 / All) briingitt: what are you going to do with all those smarts
(59:18 / All) bugaloo: stop changing your position
(59:21 / All) briingitt: president? scientist?
(59:29 / All) briingitt: it will only get you so far
(59:32 / All) bugaloo: you go from "idiot" to "smarts" in two lines
(59:36 / All) briingitt: if your not social your going to fail
(59:39 / All) bugaloo: makes you seem undecisive and flustered
(59:43 / All) bugaloo: again, *you're
(59:49 / All) bugaloo: hey i thought you had to go
(59:56 / All) briingitt: 5 sec
(60:01 / All) bugaloo: that was a loooong 9 seconds
(60:10 / All) briingitt: my time remember
(60:14 / All) bugaloo: i have to question the methodology of this experiment
(60:25 / All) bugaloo: fine here's some goblins
(60:36 / All) bugaloo: oops
(60:37 / All) bugaloo: missed
(60:39 / All) bugaloo: teehee
(60:54 / All) briingitt: i much money did your parents spend on your education?
(61:05 / All) bugaloo: stafford loans for the win
(61:10 / All) bugaloo: had a nice grant too
(61:24 / All) briingitt: ok good
(61:32 / All) bugaloo: tuition was like $26,500 or so but i only had to pay about 2 grant which i worked off
(61:37 / All) bugaloo: *grand
(62:06 / All) briingitt: no wonder you avoided the age question
(62:14 / All) bugaloo: nah i'm just yankin' ya
(62:38 / All) briingitt: i figured you were 18 maybe
(63:33 / All) bugaloo: so why are you still here
(63:43 / All) bugaloo: you seemed like you really wanted to leave earlier
(63:49 / All) briingitt: im sending an email now sorry
(63:55 / All) bugaloo: say hi for me
(64:01 / All) briingitt: i have three screens
(64:10 / All) bugaloo: and you were the one calling me a nerd?
(64:12 / All) bugaloo: :D
(64:25 / All) briingitt: im a software developer
(64:29 / All) briingitt: ha
(64:30 / All) bugaloo: how much do you weigh
(64:41 / All) bugaloo: remember
(64:43 / All) bugaloo: this is the internet
(64:45 / All) bugaloo: you can lie to me
(64:57 / All) briingitt: 400 pounds
(65:06 / All) bugaloo: satirical overestimation
(65:31 / All) bugaloo: means you dont want to underestimate because you would feel pathetic
(65:34 / All) briingitt: i was going to say 600 but a bright guy like you would never beileve it
(65:43 / All) bugaloo: so you're probably overweight but not massively so
(65:53 / All) bugaloo: which makes you feel justified in saying 400 jokingly
(66:03 / All) briingitt: i was on the biggest looser
(66:16 / All) bugaloo: so what, like 5'9 220 lbs low musle, somewhere in there
(66:36 / All) briingitt: give or take
(66:58 / All) briingitt: so why are you ignoring my question
(67:04 / All) briingitt: just curious
(67:11 / All) bugaloo: if you stated a question clearly
(67:14 / All) bugaloo: it might help
(67:40 / All) briingitt: how old are you seems like pretty straight forward
(67:45 / All) bugaloo: oh
(67:47 / All) bugaloo: 19
(68:08 / All) briingitt: why didn't think i would get that out of you
(68:16 / All) bugaloo: english please
(68:32 / All) briingitt: yea i realized after i typed that mr genius would correct me
(68:40 / All) bugaloo: not correcting
(68:47 / All) bugaloo: too illogical, obscures the meaning
(68:54 / All) briingitt: yea you cant help yourself
(69:16 / All) briingitt: if you waste your time on the little things you are going to miss out on so much
(69:34 / All) bugaloo: its the little things that just add enjoyment to life
(69:40 / All) bugaloo: for instance you still being here
(69:52 / All) briingitt: it's entertaining
(71:19 / All) briingitt: how did you do that?
(71:27 / All) bugaloo: you really should read the tooltips
(71:30 / All) bugaloo: it's not hard
(71:40 / All) briingitt: i have you for that
(71:41 / All) bugaloo: you're in software
(71:47 / All) briingitt: you prob wrote the damn thing
(71:49 / All) bugaloo: does rtfm mean nothing to you?
(71:51 / All) briingitt: lol
(72:14 / All) bugaloo: do you get confused by simple fortran commands and go online
(72:21 / All) bugaloo: "WHAT DOES THIS DO OMG"
(72:39 / All) bugaloo: you probably dont use fortran or anything academic related
(72:44 / All) bugaloo: never mind
(72:47 / All) briingitt: your pathedic
(72:52 / All) bugaloo: pathetic
(72:53 / All) briingitt: man honestly
(73:00 / All) bugaloo: yo momma
(73:01 / All) bugaloo: :D
(73:08 / All) briingitt: your are fucking nerd that lives for this shit
(73:09 / All) bugaloo: here we go
(73:14 / All) bugaloo: instant leaver device
(73:18 / All) bugaloo: just unpause